 Dungeon Crawl Stone Soup version 0.30.0-3-ga4e48a9924 (webtiles) character file.

Game seed: 12735609532078345041

24882 Exaltedone87 the Cleaver (level 12, -1/98 HPs)
             Began as a Demonspawn Fighter on May 7, 2023.
             Was an Initiate of Gozag.
             Engulfed by a fire crab's flame (23 damage)
             ... on level 4 of the Lair of Beasts.
             The game lasted 00:24:27 (14506 turns).

Exaltedone87 the Cleaver (Demonspawn Fighter)      Turns: 14506, Time: 00:24:27

Health: -1/98      AC: 14    Str: 21    XL:     12   Next: 84%
Magic:  12/12      EV: 10    Int: 10    God:    Gozag
Gold:   2131       SH: 11    Dex: 13    Spells: 11/11 levels left

rFire   . . .        b - +5 war axe
rCold   . . .        c - +0 buckler
rNeg    . . .        g - +0 chain mail
rPois   +            (helmet restricted)
rElec   .            n - +0 cloak
rCorr   +            (no gloves)
SInv    .            (no boots)
Will    .....        w - amulet of reflection Stlth
                     k - ring of resist corrosion
HPRegen 0.36/turn    h - ring of poison resistance
MPRegen 0.13/turn

%: reflection
@: gold aura, studying Ice Magic
A: antennae 2, yellow scales 1, demonic guardian 2, spiny 2
a: Renounce Religion, Potion Petition, Call Merchant, Bribe Branch


You were on level 4 of the Lair of Beasts.
You worshipped Gozag.
Gozag was most pleased with you.
You visited 3 branches of the dungeon, and saw 15 of its levels.

You collected 2383 gold pieces.
You paid 252 gold pieces to Gozag.

Inventory:

Hand Weapons
 a - a +3 flail of freezing
 b - a +5 war axe (weapon)
Armour
 c - a +0 buckler (worn)
 g - a +0 chain mail (worn)
 n - a +0 cloak (worn)
 u - a +0 tower shield
Jewellery
 h - a ring of poison resistance (right hand)
 k - a ring of resist corrosion (left hand)
 w - an amulet of reflection (around neck)
 B - a ring of willpower
 H - a ring of willpower
Wands
 j - a wand of iceblast (21)
 v - a wand of flame (43)
 E - a wand of digging (12)
Scrolls
 d - 2 scrolls of fear
 l - a scroll of butterflies
 o - 2 scrolls of amnesia
 q - 3 scrolls of teleportation
 y - 2 scrolls of enchant armour {unknown}
 C - 2 scrolls of magic mapping
 D - 2 scrolls of fog
 F - a scroll of acquirement {unknown}
 G - a scroll of identify
 I - a scroll of vulnerability {unknown}
 J - a scroll of blinking
Potions
 e - 2 potions of haste
 f - 3 potions of brilliance
 i - 2 potions of heal wounds
 m - 2 potions of ambrosia
 p - 2 potions of flight
 r - 2 potions of curing
 s - 3 potions of cancellation
 t - a potion of magic
 x - a potion of might
 z - 2 potions of mutation
 A - a potion of resistance


   Skills:
 + Level 10.4 Fighting
 * Level 12.9 Axes
 + Level 7.7 Armour
 - Level 5.3 Dodging
 + Level 9.5 Shields


You had 11 spell levels left.
You didn't know any spells.
Your spell library contained the following spells:

 Spells                   Type           Power      Damage    Failure   Level
 Beastly Appendage        Tmut           0%         N/A       94%         1
 Magic Dart               Conj           0%         1d3       94%         1
 Poisonous Vapours        Pois/Air       0%         N/A       98%         2
 Searing Ray              Conj           0%         2d4       98%         2
 Wereblood                Tmut           0%         N/A       98%         2
 Hailstorm                Conj/Ice       0%         3d3       100%        3
 Mephitic Cloud           Conj/Pois/Air  0%         N/A       100%        3
 Spider Form              Tmut/Pois      0%         N/A       100%        3
 Fulminant Prism          Conj/Hex       0%         3d5       100%        4
 Blade Hands              Tmut           0%         N/A       100%        5
 Freezing Cloud           Conj/Ice/Air   0%         6-21      100%        5
 Irradiate                Conj/Tmut      0%         3d11      100%        5
 Spellforged Servitor     Conj/Summ      0%         N/A       100%        7


Dungeon Overview and Level Annotations

Branches:
Dungeon (10/15)            Temple (1/1) D:7            Lair (4/5) D:10
 Shoals (0/4) Lair:2        Snake (0/4) Lair:2          Orc (0/2) D:9
  Slime: Lair:4-5

Altars:
Ashenzari
Cheibriados
Dithmenos
Fedhas
Gozag
Hepliaklqana
Kikubaaqudgha
Makhleb
Nemelex Xobeh
Okawaru
Qazlal
Ru
Sif Muna
Trog
Uskayaw
Vehumet
Wu Jian
Xom
Yredelemnul

Shops:
D:9 ([

Annotations:
D:4 1 runed translucent door
D:7 2 transporters, monsoonserge's ghost, novice GnAE


Innate Abilities, Weirdness & Mutations

You have a pair of antennae on your head.
You are partially covered in yellow scales. (AC +2)
A demonic guardian rushes to your aid.
You are mostly covered in sharp spines.


Message History

The fire crab breathes flames at you. The blast of flame engulfs you.
You hit the fire crab but do no damage.
The fire crab is moderately wounded.
You are engulfed in blazing flames.
The plant is engulfed in blazing flames.
The plant begins to die.
You completely miss the fire crab.
The fire crab is moderately wounded.
The plant is engulfed in blazing flames.
You block the fire crab's attack. x2
Unknown command.
Unknown command.
You completely miss the fire crab.
The fire crab is moderately wounded.
The plant is engulfed in blazing flames.
The fire crab is struck by your spines. The fire crab closely misses you.
The fire crab misses you.
Unknown command.
You hit the fire crab.
The fire crab is heavily wounded.
The fire crab breathes flames at you. The blast of flame engulfs you.
A demonic guardian appears!
Unknown command.
You slash the fire crab!
The fire crab is severely wounded.
You are engulfed in blazing flames.
A nearby plant withers and dies.
The fire crab breathes flames at you. The blast of flame engulfs you.
You are engulfed in blazing flames.
* * * LOW HITPOINT WARNING * * *
The fire crab breathes flames at you.
The blast of flame engulfs you but does no damage.
Your sun demon hits the fire crab.
The fire crab is engulfed in flames.
The fire crab completely resists.
You hit the fire crab but do no damage.
The fire crab is severely wounded.
You are engulfed in blazing flames.
You die...
Your body crumbles into a pile of gold.

...... ......# ##P.P#
....... ########P..#
....... ####.#..#P#...#
.......
P#............####°°~~~≈~
................°°°°≈≈≈≈≈
.<............○°°°°§≈#
...............○°°3~≈#
....##.#.###...○@t°~~#
.##########....○○#.~~~~≈~
. ##.#○○##....... .
###..# ....... . #..#
....... . ...# .......
#..## ....... ...


You could see a fire crab (ally target) and a friendly sun demon (summoned).

Vanquished Creatures
  A hydra (Lair:3)
  A catoblepas (Lair:3)
  Erica (D:9)
  Sonja (Lair:1)
  4 cane toads
  6 black mambas
  3 komodo dragons
  The ghost of persistantfolly the Stinger, a novice HuVM (D:4)
  3 rime drakes
  A kobold demonologist (D:9)
  A troll (D:10)
  Grinder (D:3)
  3 blink frogs (Lair:2)
  A shadow (D:7)
  4 basilisks
  39 yaks
  A vampire (D:9)
  5 wyverns
  Grum (D:8)
  A steam dragon (D:10)
  4 vampire mosquitoes
  2 acid dragons
  16 water moccasins
  A black bear (D:5)
  2 sky beasts
  4 orc warriors
  4 ice beasts
  8 wolves
  3 ogres
  10 centaurs
  7 bullfrogs
  2 kobold brigands
  A scorpion (Lair:1)
  5 wights
  19 killer bees
  3 howler monkeys
  4 lava snakes (D:7)
  2 hounds
  5 jellies
  3 orc priests
  2 sleepcaps (D:5)
  Jessica (D:3)
  Ijyb (D:3)
  Terence (D:2)
  Natasha (D:4)
  4 iguanas
  5 orc wizards
  13 adders
  A shadow imp (D:7)
  5 worms
  4 dart slugs
  15 orcs
  6 ball pythons
  5 endoplasms
  3 giant cockroaches
  11 goblins
  6 hobgoblins
  13 jackals
  5 quokkas
  6 bats
  A frilled lizard (D:2)
  17 kobolds
  10 rats
320 creatures vanquished.

Vanquished Creatures (collateral kills)
  A komodo dragon (Lair:1)
  Sigmund (D:2)
  A yak (Lair:2)
  3 water moccasins
  3 wights (D:5)
  2 howler monkeys (D:8)
  An electric eel (Lair:3)
  A shadow imp (D:8)
13 creatures vanquished.

Vanquished Creatures (others)
  13 fungi
  48 plants
61 creatures vanquished.

Grand Total: 394 creatures vanquished

Notes
Turn   | Place    | Note
-------+----------+-------------------------------------------
     0 | D:1      | Exaltedone87 the Demonspawn Fighter began the quest for the
                  | Orb.
     0 | D:1      | Reached XP level 1. HP: 18/18 MP: 1/1
    94 | D:1      | Found a faded altar of an unknown god.
   111 | D:1      | Reached skill level 2 in Axes
   115 | D:1      | Gained mutation: A weak demonic guardian rushes to your
                  | aid. [demonic ancestry]
   115 | D:1      | Reached XP level 2. HP: 18/24 MP: 2/2
   613 | D:1      | Gained mutation: You have a pair of small antennae on your
                  | head. [demonic ancestry]
   613 | D:1      | Reached XP level 3. HP: 29/29 MP: 3/3
  1118 | D:2      | Noticed Terence
  1130 | D:2      | Killed Terence
  1131 | D:2      | Gained mutation: A demonic guardian rushes to your aid.
                  | [demonic ancestry]
  1131 | D:2      | Reached XP level 4. HP: 19/35 MP: 4/4
  1216 | D:2      | Noticed Sigmund
  1222 | D:2      | Reached skill level 3 in Axes
  1235 | D:2      | Killed Sigmund
  1236 | D:2      | Gained mutation: You have a pair of antennae on your head.
                  | [demonic ancestry]
  1236 | D:2      | Reached XP level 5. HP: 13/42 MP: 5/5
  1731 | D:3      | Noticed Grinder
  1736 | D:3      | Paralysed by Grinder for 5 turns
  1750 | D:3      | Killed Grinder
  1751 | D:3      | Reached skill level 4 in Axes
  1751 | D:3      | Gained mutation: You are partially covered in yellow
                  | scales. (AC +2) [demonic ancestry]
  1751 | D:3      | Reached XP level 6. HP: 5/48 MP: 6/6
  2069 | D:3      | Noticed Jessica
  2076 | D:3      | Killed Jessica
  2154 | D:3      | Noticed Ijyb
  2177 | D:3      | Killed Ijyb
  2178 | D:3      | Gained mutation: You are partially covered in sharp spines.
                  | [demonic ancestry]
  2178 | D:3      | Reached XP level 7. HP: 51/55 MP: 7/7
  2677 | D:4      | Noticed Natasha
  2683 | D:4      | Killed Natasha
  2824 | D:4      | Reached skill level 5 in Axes
  3013 | D:4      | Found a runed translucent door.
  3013 | D:4      | Noticed persistantfolly's ghost (novice HuVM)
  3026 | D:4      | Reached skill level 5 in Fighting
  3039 | D:4      | Killed persistantfolly's ghost
  3040 | D:4      | Gained mutation: You are mostly covered in sharp spines.
                  | [demonic ancestry]
  3040 | D:4      | Reached XP level 8. HP: 47/62 MP: 8/8
  3043 | D:4      | Found a runed translucent door.
  3132 | D:5      | Entered Level 5 of the Dungeon
  3138 | D:5      | Reached skill level 6 in Axes
  3187 | D:5      | Reached skill level 5 in Shields
  3203 | D:5      | Reached skill level 5 in Armour
  3729 | D:5      | Reached skill level 7 in Axes
  3729 | D:5      | Reached XP level 9. HP: 69/69 MP: 9/9
  4527 | D:6      | Reached skill level 8 in Axes
  5024 | D:7      | You fall into a shaft and drop 3 floors!
  5024 | D:10     | Entered Level 10 of the Dungeon
  5063 | D:10     | Reached XP level 10. HP: 79/79 MP: 10/10
  5184 | D:10     | Reached skill level 9 in Axes
  5185 | D:10     | Reached skill level 1 in Dodging
  5446 | D:9      | Noticed Erica
  5457 | D:9      | Killed Erica
  5459 | D:9      | Noticed an orange demon
  5604 | D:9      | Found Beab's Weapon Emporium.
  5606 | D:9      | Found a staircase to the Orcish Mines.
  5607 | D:9      | Found Ecsadwai's Armour Emporium.
  5899 | D:8      | Got Pilales's Atlas of Sculpting and Arcane Combat
  6228 | D:7      | Reached skill level 10 in Axes
  6231 | D:7      | Found a transporter.
  6241 | D:7      | Noticed a moth of wrath
  6241 | D:7      | Noticed monsoonserge's ghost (novice GnAE)
  6244 | D:7      | Found a bloodstained altar of Trog.
  6293 | D:7      | Noticed a two-headed ogre
  6319 | D:7      | Found a transporter.
  6328 | D:7      | Found a staircase to the Ecumenical Temple.
  6347 | Temple   | Entered the Ecumenical Temple
  6403 | Temple   | Became a worshipper of Gozag Ym Sagoz the Greedy
  6679 | D:7      | Reached XP level 11. HP: 70/86 MP: 11/11
  7000 | D:7      | Found an iron altar of Okawaru.
  7002 | D:7      | Found an ornate altar of the Wu Jian Council.
  7007 | D:7      | Found a sparkling altar of Nemelex Xobeh.
  7008 | D:7      | Found a shimmering altar of Xom.
  7011 | D:7      | Found an ancient bone altar of Kikubaaqudgha.
  7012 | D:7      | Found a burning altar of Makhleb.
  7248 | D:8      | Noticed Grum
  7270 | D:8      | Killed Grum
  9271 | D:10     | Found a staircase to the Lair.
  9532 | D:10     | Identified the staff of cold "Osyides" {rC+ Will+ Str+2
                  | Int-2}
  9684 | Lair:1   | Entered Level 1 of the Lair of Beasts
 10015 | Lair:1   | Reached skill level 11 in Axes
 10520 | Lair:1   | Noticed Sonja
 10536 | Lair:1   | Killed Sonja
 10648 | Lair:1   | Reached skill level 5 in Dodging
 10824 | Lair:1   | Reached XP level 12. HP: 41/96 MP: 12/12
 11549 | Lair:2   | Found a staircase to the Snake Pit.
 11554 | Lair:2   | Reached skill level 12 in Axes
 11956 | Lair:2   | Reached skill level 10 in Fighting
 12008 | Lair:2   | Found a staircase to the Shoals.
 12746 | Lair:3   | Noticed a catoblepas
 12764 | Lair:3   | Killed a catoblepas
 13050 | Lair:3   | Noticed a four-headed hydra
 13058 | Lair:3   | Killed a four-headed hydra
 13432 | Lair:3   | Identified the +10 dagger of the Salmon {drain, rElec
                  | Int+3}
 14506 | Lair:4   | Engulfed by a fire crab's flame

Illustrated notes

Levels and vault maps discovered:
D:1:      dpeg_arrival_arbitrary_b, layout_loops_ring,
          hellmonk_ecumenical_altar_dog_temple
D:2:      layout_basic, dk_vineyard_2, uniq_sigmund, uniq_terence
D:3:      kennysheep_the_goblin_king, layout_rooms, chequers_mini_garden,
          uniq_grinder, uniq_jessica
D:4:      layout_basic, ebering_ghost_sewer_f, uniq_natasha
D:5:      layout_basic, hangedman_glass_teeth
D:6:      layout_loops_ring, lightli_sewer_entry_pipes
D:7:      layout_rooms, minitemple, minmay_temple_entry_glass,
          gammafunk_ghost_wrathful_warriors, grunt_decor_junction
D:8:      layout_basic, serial_co_window_serial, co_window_paths_a,
          co_window_paths_b, co_window_corner_a, co_window_paths_b,
          co_window_paths_a, co_window_paths_c, co_window_corner_cb,
          co_window_cross_2, co_window_cross_3, co_window_paths_e,
          co_window_4corner_b, glass_columns_a, glass_columns_a,
          glass_columns_a, minmay_manual_mullet, uniq_grum
D:9:      layout_basic, orc_david_3, ebering_dispersal_statue_hall, uniq_erica
D:10:     layout_roguey, lair_entry_dummy, nicolae_benzene_ring,
          dk_noncrumbling_3
Temple:   hellmonk_temple_two_chambers
Lair:1:   layout_gridlike, wad_woods_road_03, uniq_sonja
Lair:2:   layout_roguey, minmay_shoals_entry_centaurs,
          minmay_snake_entry_six_corridors
Lair:3:   layout_layer_cave, serial_bayou, serial_bayou_ford_a,
          serial_bayou_lagoon_b, serial_bayou_shore_a, serial_bayou_crossing,
          serial_bayou_pond_d
Lair:4:   layout_gridlike, nicolae_slime_entry_field_trip, lemuel_fruit_tree

Skill      XL: |  1  2  3  4  5  6  7  8  9 10 11 12 |
---------------+-------------------------------------+-----
Axes           | 2 3 4 5 7 8 10 11 12 | 12.9
Armour         | 3 4 5 6 7 |  7.7
Shields        | 3 4 5 6 7 8 9 |  9.5
Fighting       | 4 5 6 7 8 9 10 | 10.4
Dodging        | 3 5 |  5.3

Action                     |  1- 3 |  4- 6 |  7- 9 | 10-12 || total
---------------------------+-------+-------+-------+-------++-------
  Melee: War axe           |    97 |    56 |   240 |   517 ||   910
         Flail             |       |       |       |     6 ||     6
    Use: Potion            |       |     1 |     2 |     7 ||    10
         Scroll            |       |    10 |     3 |    10 ||    23
   Stab: Distracted        |       |       |       |     4 ||     4
 Armour: Scale mail        |    65 |    27 |    30 |       ||   122
         Chain mail        |       |       |    57 |   206 ||   263
  Dodge: Dodged            |    49 |    18 |    65 |   185 ||   317
  Block: Buckler           |    29 |    28 |   113 |   302 ||   472
         Reflection        |       |       |     3 |    10 ||    13
